 Dungeon Crawl Stone Soup version 0.20.1-1-g8b1a95d (webtiles) character file.

60 Internecine the Slasher (level 3, 0/34 HPs)
             Began as a Deep Dwarf Berserker on Sept 22, 2017.
             Was a Believer of Trog.
             Succumbed to a gnoll's poison
             ... on level 3 of the Dungeon.
             The game lasted 00:23:40 (1663 turns).

Internecine the Slasher (Deep Dwarf Berserker)      Turns: 1663, Time: 00:23:41

Health: 0/34       AC:  6    Str: 20    XL:     3   Next: 82%
Magic:  3/3        EV: 11    Int:  7    God:    Trog [**....]
Gold:   114        SH:  0    Dex: 13    Spells: 2/2 levels left

rFire    . . .     SeeInvis .   a - +0 falchion
rCold    + + .     Gourm    +   (no shield)
rNeg     . . .     Faith    .   q - +0 scale mail
rPois    .         Spirit   .   (no helmet)
rElec    .         Reflect  .   j - scarf {rC+ rF+}
rCorr    .         Harm     .   (no gloves)
MR       .....                  (no boots)
Stlth    ..........             p - amulet of the gourmand
Regen    0.0/turn               i - ring of ice
MPRegen  0.1/turn               (no ring)

@: lethally poisoned (0 -> -12), non-regenerating
A: damage resistance, heal wounds, sense surroundings 1, no regeneration
a: Heal Wounds, Berserk, Trog's Hand, Burn Spellbooks, Renounce Religion


You were on level 3 of the Dungeon.
You worshipped Trog.
Trog was pleased with you.
You were completely stuffed.

You visited 1 branch of the dungeon, and saw 3 of its levels.

You collected 114 gold pieces.

Inventory:

Hand Weapons
 a - a +0 falchion (weapon)
 k - a +0 dagger
 t - a +0 hunting sling
 v - a +0 short sword
 y - a +0 flail
 z - a +0 spear
Missiles
 d - 70 stones (quivered)
 w - 23 arrows
 E - 24 sling bullets
Armour
 b - a +0 animal skin
 e - a +0 leather armour
 j - a scarf of resistance (worn)
 q - a +0 scale mail (worn)
 s - a +0 leather armour
 B - a +0 ring mail
Jewellery
 i - a ring of ice (left hand)
 p - an amulet of the gourmand (around neck)
Scrolls
 h - 5 scrolls of identify {unknown}
 l - 2 scrolls of remove curse {unknown}
 r - a scroll of enchant weapon {unknown}
 A - a scroll of random uselessness {unknown}
Potions
 g - a potion of degeneration {unknown}
 n - a potion of brilliance {unknown}
 o - 2 potions of mutation {unknown}
 u - a potion of heal wounds {unknown}
 x - a potion of magic {unknown}
 C - a potion of curing
 D - a potion of flight {unknown}
Comestibles
 c - a bread ration
 f - 2 chunks of flesh
 m - a royal jelly


   Skills:
 + Level 3.2 Fighting
 + Level 3.8 Long Blades
 + Level 0.3 Throwing
 + Level 2.5 Armour
 + Level 2.5 Dodging


You had 2 spell levels left.
You didn't know any spells.

Dungeon Overview and Level Annotations

Branches:
Dungeon (3/15)

Altars:
The Shining One


Innate Abilities, Weirdness & Mutations

You are resistant to damage.
You can heal yourself by infusing magical energy.
You passively map a small area around you.
You do not regenerate.


Message History

Trog accepts your kill.
You slash the gnoll!
The gnoll is heavily wounded.
The gnoll hits you with a whip of venom.
You are poisoned.
You hit the gnoll but do no damage.
The gnoll is heavily wounded.
The gnoll hits you but does no damage.
You are more poisoned.
You barely miss the gnoll.
The gnoll is heavily wounded.
The gnoll closely misses you.
Your scale mail prevents you from hitting the gnoll.
The gnoll is heavily wounded.
The gnoll hits you with a whip of venom!
* * * LOW HITPOINT WARNING * * *
You are lethally poisoned!
You closely miss the gnoll.
The gnoll is heavily wounded.
You die...

#.. #.#!..... *
#..###.#g..###.....#
####......?...........#
,
.........#.#####.)...#
#....##.g#S# #.#..# ,
#.#. #..g..# #.#.[#
.#.. #...### #.#..#* .
##.##...########.#.# **
.#* ##.......ggg@....#
#.###.........#######.#
** #.#.###..###.....,
..#* #.## #...........,
...., #.# #.##########*
#.### #.# #.####....
,,, .#***
#.####......... ,..
#....<......# ** ##
#############


You could see 3 gnolls.

Vanquished Creatures
  A gnoll (D:3)
  An adder (D:3)
  2 worms (D:2)
  2 leopard geckos (D:2)
  2 ball pythons
  2 giant cockroaches
  A goblin (D:2)
  5 hobgoblins
  3 jackals (D:2)
  5 kobolds
  A quokka (D:2)
  4 bats
  2 frilled lizards
  2 rats
33 creatures vanquished.

Notes
Turn   | Place    | Note
-------+----------+-------------------------------------------
     0 | D:1      | Internecine the Deep Dwarf Berserker began the quest for the Orb.
     0 | D:1      | Reached XP level 1. HP: 20/20 MP: 1/1
   552 | D:1      | Reached XP level 2. HP: 25/28 MP: 2/2
   931 | D:2      | Found a glowing golden altar of the Shining One.
  1143 | D:2      | Reached XP level 3. HP: 28/34 MP: 3/3
  1151 | D:2      | Reached ** piety under Trog
  1663 | D:3      | Succumbed to a gnoll's poison

Skill      XL: |  1 |
---------------+----+-----
Fighting       | 3 |  3.2
Long Blades    | |  3.8
Throwing       | |  0.3
Armour         | |  2.5
Dodging        | |  2.5

Action                   || total
-------------------------++-------
Melee: Falchion          ||   115
Throw: Stone             ||    11
 Abil: Heal Wounds       ||     2
  Use: Potion            ||     2
  Eat: Chunk             ||    12
Armor: Animal skin       ||    22
       Scale mail        ||    25
Dodge: Dodged            ||   113
       Rpst.: Falchion   ||    32
